 Dungeon Crawl Stone Soup version 0.22-b1-21-g5cfc1688f2 (webtiles) character file.

12269 Jorund the Geomancer (level 11, -3/61 HPs)
             Began as an Octopode Earth Elementalist on Aug 7, 2018.
             Was an Elder of Vehumet.
             Slain by a freezing wraith (13 damage)
             ... in an ice cave.
             The game lasted 00:37:33 (11926 turns).

Jorund the Geomancer (Octopode Earth Elementalist) Turns: 11926, Time: 00:37:33

Health: -3/61      AC:  1    Str:  8    XL:     11   Next: 90%
Magic:  13/35      EV: 14    Int: 23    God:    Vehumet [****..]
Gold:   199        SH:  0    Dex: 16    Spells: 8/32 levels left

rFire    . . .     SeeInvis +   d - +2 rapier (elec)
rCold    + . .     Gourm    .   (no shield)
rNeg     . . .     Faith    .   (helmet restricted)
rPois    .         Spirit   .   H - amulet of Etriejux {Regen+ SInv}
rElec    +         Reflect  .   D - ring "Ziev" {*Corrode rElec MP+9 Int+2 Dex+4}
rCorr    .         Harm     .   F - ring of flight
MR       .....                  I - ring of protection from cold
Stlth    +++.......             (no ring)
HPRegen  0.60/turn              (no ring)
MPRegen  0.24/turn              (no ring)
                                (no ring)
                                (no ring)

@: no status effects
A: almost no armour, stealthy swim, amphibious, 8 rings, constrict 8, camouflage
1, mutation resistance 1, gelatinous body 1, MP-powered wands
a: Renounce Religion, Evoke Flight


You were in an ice cave.
You worshipped Vehumet.
Vehumet was greatly pleased with you.
You were near starving.

You visited 2 branches of the dungeon, and saw 12 of its levels.
You also visited: Ice Cave.

You collected 742 gold pieces.
You spent 543 gold pieces at shops.

Inventory:

Hand Weapons
 d - a +2 rapier of electrocution (weapon)
 j - a +0 spear
 u - a +2 dagger of venom
Missiles
 b - 99 stones (quivered)
 w - a throwing net
Magical Staves
 l - an uncursed staff of power
Jewellery
 n - an uncursed ring of ice
 D - the ring "Ziev" (left tentacle) {*Corrode rElec MP+9 Int+2 Dex+4}
   (You took it off an orc wizard on level 10 of the Dungeon)

   [ring of magical power]

   It affects your intelligence (+2).
   It affects your dexterity (+4).
   It insulates you from electricity.
   It affects your magic capacity (+9).
   It may corrode you when you take damage.
 F - a ring of flight (right tentacle)
 H - the amulet of Etriejux (around mantle) {Regen+ SInv}
   (You found it on level 11 of the Dungeon)

   [amulet of regeneration]

   It lets you see invisible.
   It increases your rate of regeneration.
 I - a ring of protection from cold (on tentacle)
Wands
 o - a wand of digging (40)
 s - a wand of random effects (32)
 y - a wand of enslavement (27)
 C - a wand of paralysis (13)
 G - a wand of disintegration (16)
Scrolls
 a - 8 scrolls of identify
 e - a scroll of amnesia
 f - 8 scrolls of teleportation
 h - 7 scrolls of remove curse
 k - 5 scrolls of blinking
 p - 2 scrolls of enchant armour
 v - 2 scrolls of magic mapping
 x - 4 scrolls of immolation
 A - a scroll of fear
Potions
 g - 2 potions of ambrosia
 i - a potion of magic {unknown}
 m - a potion of brilliance
 q - 4 potions of heal wounds
 r - a potion of mutation
 t - 4 potions of flight
 z - 2 potions of curing
 B - a potion of resistance {unknown}
 K - a potion of haste {unknown}
Miscellaneous
 E - a fan of gales
Comestibles
 c - 12 rations


   Skills:
 + Level 5.1 Short Blades
 - Level 2.0 Dodging
 - Level 2.6 Stealth
 + Level 11.2 Spellcasting
 * Level 5.2 Conjurations
 - Level 1.0 Transmutations
 + Level 12.1 Earth Magic


You had 8 spell levels left.
You knew the following spells:

 Your Spells              Type           Power        Failure   Level  Hunger
a - Sandblast             Erth           ######       1%          1    None
b - Passwall              Tmut/Erth      #####...     1%          2    None
c - Stone Arrow           Conj/Erth      ######       1%          3    None
d - Lee's Rapid Deconstr  Erth           ######....   1%          5    ####...
e - Petrify               Tmut/Erth      #####...     3%          4    None
f - Bolt of Magma         Conj/Fire/Erth #####.....   3%          5    ####...
g - Fulminant Prism       Conj/Hex       ####......   4%          4    None

Your spell library contained the following spells:

 Spells                   Type           Power        Failure   Level  Hunger
 Throw Frost              Conj/Ice       ####..       1%          2    None
 Venom Bolt               Conj/Pois      ####......   13%         5    ####...
 Animate Dead             Necr           N/A          45%         4    None
 Pain                     Necr           ##..         4%          1    None
 Animate Skeleton         Necr           N/A          4%          1    None
 Vampiric Draining        Necr           ##........   16%         3    None
 Freeze                   Ice            ##..         1%          1    None
 Summon Ice Beast         Ice/Summ       ##......     45%         4    None
 Ozocubu's Armour         Chrm/Ice       ##......     16%         3    None
 Regeneration             Chrm/Necr      ##........   16%         3    None
 Iron Shot                Conj/Erth      ######....   6%          6    #####..
 Throw Icicle             Conj/Ice       ####....     4%          4    None
 Orb of Destruction       Conj           #####.....   71%         7    #######
 Iskenderun's Battlesphe  Conj/Chrm      ####....     13%         5    ####...
 Spellforged Servitor     Conj/Summ      ####......   96%         7    #######


Dungeon Overview and Level Annotations

Branches:
Dungeon (11/15)            Temple (0/1) D:5            Lair (1/6) D:10
    Orc (0/2) D:9

Altars:
Ashenzari
Cheibriados
Elyvilon
Fedhas
Gozag
Kikubaaqudgha
Qazlal
Ru
Trog
Uskayaw
Vehumet
Yredelemnul
Zin
Jiyva

Shops:
D:5 =   D:6 ?   D:8 (**%(   D:9 ((?[

Annotations:
D:3 exclusion: door
D:6 1 runed door
D:8 1 transporter


Innate Abilities, Weirdness & Mutations

You cannot wear most types of armour.
You are very stealthy in the water. (Stealth+)
You are amphibious.
You can wear up to eight rings at the same time.
You can use your tentacles to constrict eight enemies at once.
Your skin changes colour to match your surroundings (Stealth+).
Your rubbery body absorbs attacks. (AC +1, EV +1)
You are somewhat resistant to further mutation.
You expend magic power (3 MP) to strengthen your wands.


Message History

Casting: Bolt of Magma (safe; 3% risk of failure)
Confirm with . or Enter, or press ? or * to list all spells.
Aiming: Bolt of Magma (safe; 3% risk of failure)
Press: ? - help, Shift-Dir - straight line, f/p - freezing wraith
Aim: a freezing wraith (moderately damaged)
The bolt of magma hits the freezing wraith.
The freezing wraith is burned terribly!
The freezing wraith is almost destroyed.
You are near starving!
The freezing wraith hits you! The freezing wraith freezes you. You resist.
The freezing wraith hits you!
* * * LOW HITPOINT WARNING * * *
Casting: Bolt of Magma (safe; 3% risk of failure)
Confirm with . or Enter, or press ? or * to list all spells.
Aiming: Bolt of Magma (safe; 3% risk of failure)
Press: ? - help, Shift-Dir - straight line, f/p - freezing wraith
Aim: a freezing wraith (almost destroyed)
The bolt of magma misses the freezing wraith.
The freezing wraith hits you!
You die...

#...## #..##
##.##
#....####..#
##...#
#..#...#...#
#..#.....#
#..##.....##
##..##.....#
##.###...##
#..## .W...#
#..######
##..# .....
##..## #..##
.YW.. #...##
##W.# ....
##...##
#@.## ...#
##...####.##
##...##..#
##..#..##
#.....#
##...##
#####


You could see a freezing wraith.

Vanquished Creatures
  Erolcha (D:11)
  A two-headed ogre (D:8)
  Pikel (D:4)
  An ugly thing (D:11)
  A spiny frog (Lair:1)
  4 freezing wraiths (IceCv)
  2 ice devils (Lair:1)
  A troll (D:10)
  A hornet (D:10)
  A hippogriff (D:7)
  10 yaks
  Sigmund (D:4)
  A wraith (D:11)
  A basilisk (Lair:1)
  A death yak simulacrum (IceCv)
  2 porcupines (Lair:1)
  Duvessa (D:7)
  2 hell hounds (D:10)
  4 water moccasins
  An alligator simulacrum (IceCv)
  A sky beast (D:5)
  2 black bears
  12 ice beasts
  2 slaves (D:4)
  3 ogres (D:8)
  2 phantoms
  An eye of draining (D:11)
  4 centaurs
  A crocodile (D:8)
  A big kobold (D:9)
  A bullfrog (D:6)
  Dowan (D:7)
  2 scorpions (D:6)
  2 elephant simulacra (IceCv)
  3 wights (D:11)
  2 howler monkeys (D:8)
  8 jellies
  2 electric eels (Lair:1)
  7 crimson imps
  A bullfrog zombie (D:6)
  5 orc priests
  4 hounds
  2 bullfrog skeletons
  2 orc wizards (D:10)
  A gnoll shaman (D:4)
  Terence (D:2)
  Natasha (thrice) (D:2)
  4 iguanas
  9 worker ants
  3 hound skeletons
  Robin (D:3)
  10 adders
  12 gnolls
  A shadow imp (D:5)
  5 white imps (IceCv)
  15 oozes
  An adder skeleton (D:5)
  4 dart slugs
  5 leopard geckos
  15 orcs
  9 bats
  10 giant cockroaches
  16 goblins
  7 hobgoblins
  15 jackals
  A quokka (D:9)
  4 frilled lizards
  12 kobolds
  A leopard gecko skeleton (D:7)
  A quokka skeleton (D:8)
  5 rats
280 creatures vanquished.

Vanquished Creatures (others)
  3 fungi (D:10)
3 creatures vanquished.

Grand Total: 283 creatures vanquished

Notes
Turn   | Place    | Note
-------+----------+-------------------------------------------
     0 | D:1      | Jorund the Octopode Earth Elementalist began the quest for the Orb.
     0 | D:1      | Reached XP level 1. HP: 11/11 MP: 3/3
   111 | D:1      | Reached XP level 2. HP: 17/17 MP: 3/5
   285 | D:1      | Reached XP level 3. HP: 19/21 MP: 6/6
   661 | D:2      | Reached skill level 4 in Earth Magic
   742 | D:2      | Reached XP level 4. HP: 27/27 MP: 4/7
   771 | D:2      | Noticed Natasha
   776 | D:2      | Killed Natasha
   776 | D:2      | Reached skill level 1 in Short Blades
   908 | D:2      | Found an ancient bone altar of Kikubaaqudgha.
   913 | D:2      | Found a stormy altar of Qazlal.
   932 | D:2      | Noticed Terence
   939 | D:2      | Killed Terence
   939 | D:2      | Reached XP level 5. HP: 19/31 MP: 3/9
  1126 | D:2      | Noticed Natasha
  1135 | D:2      | Killed Natasha
  1201 | D:2      | Found a radiant altar of Vehumet.
  1268 | D:2      | Noticed Natasha
  1272 | D:2      | Killed Natasha
  1372 | D:2      | Became a worshipper of Vehumet
  1429 | D:3      | Learned a level 2 spell: Passwall
  1433 | D:3      | Learned a level 3 spell: Stone Arrow
  1757 | D:3      | Found a blossoming altar of Fedhas.
  1834 | D:3      | Noticed Robin
  1855 | D:3      | Reached XP level 6. HP: 28/36 MP: 8/11
  2021 | D:4      | Reached skill level 5 in Earth Magic
  2064 | D:4      | Noticed a phantom
  2314 | D:3      | Found a basalt altar of Yredelemnul.
  2368 | D:3      | Found a bloodstained altar of Trog.
  2394 | D:3      | Found a hide-covered altar of Uskayaw.
  2440 | D:2      | Found a white marble altar of Elyvilon.
  2448 | D:2      | Reached * piety under Vehumet
  2448 | D:2      | Offered knowledge of Shock by Vehumet.
  2726 | D:3      | Found a glowing silver altar of Zin.
  2745 | D:3      | Killed Robin
  3015 | D:4      | Killed a phantom
  3089 | D:4      | Found a snail-covered altar of Cheibriados.
  3134 | D:4      | Reached XP level 7. HP: 41/41 MP: 9/13
  3237 | D:4      | Noticed Pikel
  3237 | D:4      | Paralysed by Pikel for 7 turns
  3244 | D:4      | HP: 2/41 [Pikel/whip of electrocution (6)]
  3574 | D:4      | Noticed Sigmund
  3627 | D:5      | Entered Level 5 of the Dungeon
  3627 | D:5      | Found a staircase to the Ecumenical Temple.
  3663 | D:5      | Reached skill level 1 in Conjurations
  3663 | D:5      | Reached skill level 6 in Earth Magic
  3858 | D:5      | Reached skill level 5 in Spellcasting
  3962 | D:5      | Found Uclo's Jewellery Emporium.
  4376 | D:5      | Reached XP level 8. HP: 46/46 MP: 12/15
  4756 | D:6      | Found Dotwaamo's Magic Scroll Boutique.
  4759 | D:6      | Bought a scroll of blinking for 105 gold pieces
  4804 | D:6      | Reached skill level 7 in Earth Magic
  5054 | D:6      | Found a runed door.
  5099 | D:6      | Found a shattered altar of Ashenzari.
  5309 | D:6      | Gained mutation: You expend magic power (3 MP) to strengthen your wands. [potion of mutation]
  5309 | D:6      | Gained mutation: You are somewhat resistant to further mutation. [potion of mutation]
  5317 | D:6      | Learned a level 5 spell: Lee's Rapid Deconstruction
  5322 | D:6      | Learned a level 4 spell: Petrify
  5736 | D:7      | Noticed Duvessa
  5737 | D:7      | Noticed Dowan
  5752 | D:7      | Killed Duvessa
  5752 | D:7      | Reached skill level 8 in Earth Magic
  5752 | D:7      | Reached XP level 9. HP: 32/51 MP: 6/19
  5881 | D:7      | Killed Dowan
  5918 | D:7      | Reached ** piety under Vehumet
  5918 | D:7      | Offered knowledge of Magic Dart by Vehumet.
  6493 | D:8      | Found Heuxeh's Weapon Shoppe.
  6520 | D:8      | Found an opulent altar of Gozag.
  6530 | D:8      | Noticed a two-headed ogre
  6722 | D:7      | Reached skill level 9 in Earth Magic
  6737 | D:8      | Found a transporter.
  6920 | D:8      | Found Juetiu's General Store.
  6923 | D:8      | Found Maclut's Weapon Shoppe.
  6954 | D:8      | Found a sacrificial altar of Ru.
  6991 | D:8      | Found Qotysch's Food Emporium.
  7022 | D:8      | Found Exaocott's Changing Room.
  7161 | D:8      | Found a viscous altar of Jiyva.
  7297 | D:8      | Offered knowledge of Dazzling Spray by Vehumet.
  7342 | D:8      | Killed a two-headed ogre
  7342 | D:8      | Reached XP level 10. HP: 56/56 MP: 7/22
  7414 | D:8      | Reached skill level 10 in Earth Magic
  7664 | D:4      | Killed Sigmund
  7863 | D:4      | Killed Pikel
  7956 | D:9      | Found Rinwodeh's Armour Emporium.
  8017 | D:9      | Found Guys's Antique Weapon Shoppe.
  8058 | D:9      | Reached *** piety under Vehumet
  8150 | D:9      | Found Unebluhe's Magic Scroll Shop.
  8155 | D:9      | Bought a scroll of blinking for 90 gold pieces
  8155 | D:9      | Bought a scroll of identify for 24 gold pieces
  8155 | D:9      | Bought a scroll of identify for 24 gold pieces
  8214 | D:9      | Found a staircase to the Orcish Mines.
  8240 | D:9      | Found Jeom's Antique Weapon Emporium.
  8692 | D:10     | Entered Level 10 of the Dungeon
  8804 | D:10     | Noticed an oklob plant
  8863 | D:10     | Offered knowledge of Olgreb's Toxic Radiance by Vehumet.
  9094 | D:10     | Got a glittering turquoise ring
  9263 | D:10     | Identified the ring "Ziev" {*Corrode rElec MP+9 Int+2 Dex+4} (You took it off an orc wizard on level 10 of the Dungeon)
  9301 | D:10     | Reached **** piety under Vehumet
  9459 | D:10     | Found a staircase to the Lair.
  9628 | D:11     | Noticed Erolcha
  9923 | D:11     | Noticed a purple ugly thing
  9995 | D:11     | Learned a level 5 spell: Bolt of Magma
 10049 | D:11     | Reached skill level 11 in Earth Magic
 10049 | D:11     | Reached XP level 11. HP: 26/61 MP: 16/24
 10057 | D:11     | Reached skill level 5 in Short Blades
 10642 | D:11     | Got a faintly glowing crystal amulet
 10679 | D:11     | Identified the amulet of Etriejux {Regen+ SInv} (You found it on level 11 of the Dungeon)
 10691 | D:11     | Killed a purple ugly thing
 10726 | D:11     | Paralysed by Erolcha for 4 turns
 10731 | D:11     | Killed Erolcha
 10731 | D:11     | Reached skill level 10 in Spellcasting
 10840 | D:5      | Bought an uncursed ring of protection from cold for 300 gold pieces
 11001 | Lair:1   | Entered Level 1 of the Lair of Beasts
 11247 | Lair:1   | Found a frozen archway.
 11253 | Lair:1   | Offered knowledge of Fulminant Prism by Vehumet.
 11265 | Lair:1   | Learned a level 4 spell: Fulminant Prism
 11352 | IceCv    | Entered an ice cave
 11373 | IceCv    | Reached skill level 12 in Earth Magic
 11463 | IceCv    | Reached skill level 5 in Conjurations
 11926 | IceCv    | Slain by a freezing wraith

Skill      XL: |  1  2  3  4  5  6  7  8  9 10 11 |
---------------+----------------------------------+-----
Earth Magic    | 4 5 6 8 9 11 12 | 12.1
Short Blades   | 1 2 3 4 5 |  5.1
Spellcasting   | 3 4 5 6 8 9 11 | 11.2
Conjurations   | 1 2 3 4 5 |  5.2
Dodging        | |  2.0
Stealth        | |  2.6
Transmutations | |  1.0

Action                   |  1- 3 |  4- 6 |  7- 9 | 10-12 || total
-------------------------+-------+-------+-------+-------++-------
Melee: Dagger            |    30 |    79 |    48 |       ||   157
       Constrict         |     5 |    18 |    16 |    13 ||    52
       Tentacles         |     2 |     7 |    13 |     9 ||    31
       Rapier            |       |       |    25 |    81 ||   106
 Cast: Sandblast         |    28 |    37 |    43 |    27 ||   135
       Stone Arrow       |       |    11 |    56 |    67 ||   134
       Lee's Rapid Decon |       |       |    16 |    48 ||    64
       Passwall          |       |       |     1 |       ||     1
       Petrify           |       |       |       |     2 ||     2
       Bolt of Magma     |       |       |       |    18 ||    18
Evoke: Wand              |       |       |    14 |     5 ||    19
  Use: Scroll            |       |       |    16 |     2 ||    18
       Potion            |       |       |     3 |       ||     3
 Stab: Sleeping          |     3 |     8 |     6 |     1 ||    18
       Distracted        |       |       |     1 |     1 ||     2
  Eat: Chunk             |       |     7 |    12 |    10 ||    29
       Ration            |       |       |     2 |     4 ||     6
Armor: Skin              |     4 |     8 |     5 |     6 ||    23
Dodge: Dodged            |    26 |    44 |    51 |    51 ||   172
